 Dungeon Crawl Stone Soup version 0.28-b1-25-g9875b3fc8c (webtiles) character file.

Game seed: 10153376023287840958

16593 crazypyro the Cleaver (level 12, -1/94 HPs)
             Began as a Demonspawn Fighter on Jan 31, 2022.
             Was a High Priest of Okawaru.
             Slain by a dire elephant simulacrum (12 damage)
             ... in an ice cave.
             The game lasted 00:27:17 (15536 turns).

crazypyro the Cleaver (Demonspawn Fighter)         Turns: 15536, Time: 00:27:18

Health: -1/94      AC: 29    Str: 30    XL:     12   Next: 11%
Magic:  12/12      EV: 13    Int: 16    God:    Okawaru [*****.]
Gold:   297        SH: 18    Dex: 14    Spells: 11/11 levels left

rFire   x . .      SeeInvis .   H - +4 spear of Grandeur {pain, rC+ Int+2}
rCold   + . .      Faith    .   R - +3 kite shield of Bitterness {Str+8}
rNeg    . . .      Spirit   .   B - +6 plate armour of the Catfish {Harm rF- Will+++ Int+2}
rPois   +          Reflect  +   f - +2 hat
rElec   .          Harm     +   u - +2 cloak
rCorr   .          Rampage  .   n - +0 pair of gloves
Will    +++..                   e - +0 pair of boots
Stlth   ..........              k - amulet "Qeruelir" {Reflect rPois SH+5}
HPRegen 0.25/turn               z - ring of poison resistance
MPRegen 0.13/turn               b - +4 ring of evasion

@: no status effects
A: antennae 2, molten scales 1, (demonic guardian 3), agile 1, clever 1,
evolution 1
a: Renounce Religion, Heroism, Finesse, Duel


You were in an ice cave.
You worshipped Okawaru.
Okawaru was extremely pleased with you.
You visited 2 branches of the dungeon, and saw 13 of its levels.
You also visited: Sewer and Ice Cave.

You collected 765 gold pieces.
You spent 468 gold pieces at shops.

Inventory:

Hand Weapons
 a - a +1 spectral war axe
 D - a +0 broad axe
 H - the +4 spear of Grandeur (weapon) {pain, rC+ Int+2}
   (You took it off an orc warrior on level 10 of the Dungeon)

   In the hands of one skilled in necromantic magic, it inflicts extra damage on
   living creatures.
   Int:       It affects your intelligence (+2).
   rC:        It protects you from cold.
 Q - a +4 scimitar of flaming
Missiles
 j - 5 throwing nets (quivered)
Armour
 e - a +0 pair of boots (worn)
 f - a +2 hat (worn)
 n - a +0 pair of gloves (worn)
 u - a +2 cloak (worn)
 v - a +3 leather armour of fire resistance
 B - the +6 plate armour of the Catfish (worn) {Harm rF- Will+++ Int+2}
   (Okawaru gifted it to you on level 8 of the Dungeon)

   Int:       It affects your intelligence (+2).
   rF:        It makes you vulnerable to fire.
   Harm:      It increases damage dealt and taken.
   Will:      It greatly increases your willpower.
 R - the +3 kite shield of Bitterness (worn) {Str+8}
   (You acquired it on level 11 of the Dungeon)

   Str:       It affects your strength (+8).
Jewellery
 b - a +4 ring of evasion (right hand)
 c - a ring of magical power
 k - the amulet "Qeruelir" (around neck) {Reflect rPois SH+5}
   (You acquired it on level 12 of the Dungeon)

   [amulet of reflection]

   It reflects blocked missile attacks.
   rPois:     It protects you from poison.
   SH:        It affects your SH (+5).
 y - an amulet of magic regeneration
 z - a ring of poison resistance (left hand)
Wands
 s - a wand of flame (55)
 w - a wand of iceblast (24)
 F - a wand of acid (8)
 M - a wand of mindburst (5)
 O - a wand of digging (1)
 P - a wand of polymorph (5)
Scrolls
 i - 2 scrolls of blinking
 m - 2 scrolls of amnesia
 o - 4 scrolls of identify
 p - 9 scrolls of teleportation
 C - a scroll of fog
 K - a scroll of magic mapping
Potions
 d - 2 potions of might
 g - 4 potions of curing
 h - 3 potions of heal wounds
 l - 4 potions of haste
 q - 3 potions of mutation
 r - 2 potions of ambrosia {unknown}
 x - 2 potions of flight
 A - a potion of cancellation {unknown}
 E - 2 potions of brilliance
 G - a potion of lignification {unknown}
 I - a potion of resistance {unknown}
 L - 2 potions of invisibility {unknown}


   Skills:
 + Level 8.6 Fighting
 * Level 11.2 Axes
 + Level 7.8 Armour
 + Level 7.3 Dodging
 + Level 7.9 Shields


You had 11 spell levels left.
You didn't know any spells.
Your spell library contained the following spells:

 Spells                   Type           Power      Damage    Failure   Level
 Pain                     Necr           0%         1d4       99%         1
 Blink                    Tloc           0%         N/A       100%        2
 Agony                    Necr           0%         N/A       100%        5
 Borgnjor's Vile Clutch   Necr/Erth      0%         N/A       100%        5
 Excruciating Wounds      Necr           0%         N/A       100%        5
 Manifold Assault         Tloc           0%         N/A       100%        5
 Storm Form               Tmut/Air       0%         N/A       100%        7
 Animate Dead             Necr           Unusable   N/A       N/A         4
 Death Channel            Necr           Unusable   N/A       N/A         6

Dungeon Overview and Level Annotations

Branches:
Dungeon (12/15)            Temple (1/1) D:6            Lair (0/6) D:10
    Orc (0/2) D:11          Sewer (visited)           IceCv (1/1)

Altars:
Dithmenos
Fedhas
Gozag
Hepliaklqana
Nemelex Xobeh
Okawaru
Qazlal
Ru
Trog
Vehumet
Yredelemnul
Zin

Shops:
D:9 *   D:11 =

Annotations:
D:11 3 runed translucent doors, Minsecho's ghost, journeyman HOFi


Innate Abilities, Weirdness & Mutations

You have a pair of antennae on your head.
You are partially covered in molten scales. (AC +2)
((A powerful demonic guardian rushes to your aid.))
You are agile. (Dex +2)
Your mind is acute. (Int +2)
You have hidden genetic potential.


Message History

You sense a monster nearby.
You sense a monster nearby.
You sense a monster nearby.
An entropy weaver simulacrum comes into view. 2 dire elephant simulacra come into view.
The dire elephant simulacrum moves out of view.
You hit the entropy weaver simulacrum but do no damage.
You block the entropy weaver simulacrum's attack.
The entropy weaver simulacrum hits you but does no damage.
You block the entropy weaver simulacrum's attack. x2
You hit the entropy weaver simulacrum.
The entropy weaver simulacrum is lightly damaged.
The entropy weaver simulacrum hits you!
The entropy weaver simulacrum freezes you!
You resist. The entropy weaver simulacrum hits you.
The entropy weaver simulacrum freezes you!
You resist.
You block the entropy weaver simulacrum's attack. x2
You barely miss the entropy weaver simulacrum.
The entropy weaver simulacrum is lightly damaged.
You block the entropy weaver simulacrum's attack.
The entropy weaver simulacrum hits you but does no damage.
You block the entropy weaver simulacrum's attack. x2
You hit the entropy weaver simulacrum.
The entropy weaver simulacrum is moderately damaged.
You block the entropy weaver simulacrum's attack.
The entropy weaver simulacrum hits you.
The entropy weaver simulacrum freezes you!
You resist. The entropy weaver simulacrum hits you!
* * * LOW HITPOINT WARNING * * *
The entropy weaver simulacrum freezes you!
You resist.
* * * LOW HITPOINT WARNING * * *
The entropy weaver simulacrum hits you but does no damage.
The dire elephant simulacrum tramples you but does no damage.
The dire elephant simulacrum trunk-slaps you.
* * * LOW HITPOINT WARNING * * *
The dire elephant simulacrum freezes you!
You resist.
You die...

{ ########
##....#.##
#Z@#.....#####
#ZZ####..##∩..##
#.. #..####..∩#
#.. ##..# #....#
.⌠. #...####...#
...#
##...####..##
###.
###...##...# .#
##...##..#
##......#


You could see 2 dire elephant simulacra and an entropy weaver simulacrum.

Vanquished Creatures
  Harold (D:11)
  A rakshasa (D:10)
  A boulder beetle (D:8)
  2 two-headed ogres (D:10)
  Erica (D:11)
  The ghost of pkoi the Carver, a novice MiFi of Okawaru (D:8)
  Pikel (D:4)
  2 cyclopes (D:10)
  An ugly thing (D:10)
  A gargoyle (D:11)
  An unseen horror (D:10)
  A komodo dragon (D:11)
  A hornet (D:7)
  2 trolls (D:10)
  Prince Ribbit (D:6)
  Sigmund (D:5)
  A wyvern (D:8)
  Eustachio (D:4)
  15 yaks
  A steam dragon (D:6)
  Menkaure (D:4)
  4 vampire mosquitoes (D:11)
  An acid dragon (D:11)
  Duvessa (D:4)
  2 orc warriors
  A necrophage (D:6)
  3 black bears
  A hornet zombie (D:8)
  3 wolves
  An ogre (D:7)
  6 centaurs
  4 phantoms
  4 kobold brigands
  A lemure (D:4)
  2 wyvern zombies (D:8)
  6 bullfrogs
  2 gnoll sergeants
  2 scorpions
  2 two-headed ogre simulacra (IceCv)
  Dowan (D:4)
  3 troll zombies (D:11)
  3 wights (D:7)
  3 howler monkeys
  3 centaur zombies (D:10)
  3 electric eels (D:10)
  9 hounds
  3 jellies
  A bullfrog skeleton (D:6)
  4 orc priests
  Crazy Yiuf (D:4)
  5 gnoll shamans
  2 iguanas
  6 orc wizards
  A spriggan simulacrum (IceCv)
  A wolf simulacrum (IceCv)
  5 ogre zombies (D:11)
  A howler monkey zombie (D:9)
  A howler monkey skeleton (D:5)
  3 adders
  19 gnolls
  6 river rats
  15 white imps
  4 ufetubi
  An adder skeleton (D:5)
  A worm (D:2)
  17 orcs
  5 endoplasms
  2 giant cockroaches
  4 goblins
  5 hobgoblins
  2 jackals (D:3)
  33 kobolds
  6 quokkas
  11 ball pythons
  6 bats
  4 frilled lizards
  A goblin skeleton (D:11)
  2 goblin zombies (D:11)
  2 hobgoblin skeletons (D:11)
  A hobgoblin zombie (D:11)
  5 orc skeletons (D:11)
  14 orc zombies (D:11)
  25 rats
334 creatures vanquished.

Vanquished Creatures (others)
  2 withered plants (D:8)
2 creatures vanquished.

Grand Total: 336 creatures vanquished

Notes
Turn   | Place    | Note
-------+----------+-------------------------------------------
     0 | D:1      | crazypyro the Demonspawn Fighter began the quest for the
                  | Orb.
     0 | D:1      | Reached XP level 1. HP: 18/18 MP: 1/1
    31 | D:1      | Reached skill level 2 in Axes
   224 | D:1      | Gained mutation: A weak demonic guardian rushes to your
                  | aid. [demonic ancestry]
   224 | D:1      | Reached XP level 2. HP: 24/24 MP: 2/2
   902 | D:2      | Found a faded altar of an unknown god.
   913 | D:2      | Reached skill level 3 in Axes
  1069 | D:2      | Gained mutation: You are partially covered in molten
                  | scales. (AC +2) [demonic ancestry]
  1069 | D:2      | Reached XP level 3. HP: 29/29 MP: 3/3
  1913 | D:3      | Found a blossoming altar of Fedhas.
  1914 | D:3      | Found an iron altar of Okawaru.
  2173 | D:3      | Noticed a black bear
  2180 | D:3      | Killed a black bear
  2181 | D:3      | Reached skill level 4 in Axes
  2181 | D:3      | Reached XP level 4. HP: 28/35 MP: 4/4
  2181 | D:3      | Reached XP level 5. HP: 33/41 MP: 5/5
  2400 | D:3      | Reached skill level 5 in Axes
  2648 | D:3      | Became a worshipper of Warmaster Okawaru
  2762 | D:4      | Found a glowing drain.
  2781 | Sewer    | Entered a sewer
  3266 | Sewer    | Reached XP level 6. HP: 28/47 MP: 6/6
  3439 | Sewer    | Reached skill level 6 in Axes
  3991 | D:4      | Noticed Duvessa
  3991 | D:4      | Noticed Dowan
  4008 | D:4      | Killed Duvessa
  4008 | D:4      | Reached * piety under Okawaru
  4014 | D:4      | Killed Dowan
  4015 | D:4      | Reached skill level 7 in Axes
  4015 | D:4      | Gained mutation: You have a pair of small antennae on your
                  | head. [demonic ancestry]
  4015 | D:4      | Reached XP level 7. HP: 42/52 MP: 7/7
  4486 | D:4      | Identified the +1 mace "Killer Klown's Foe" {vamp, rC-
                  | Will+ Int+4 SInv}
  4489 | D:4      | Found a runed translucent door.
  4490 | D:4      | Noticed Crazy Yiuf
  4647 | D:4      | Killed Crazy Yiuf
  4949 | D:4      | Noticed Menkaure
  4958 | D:4      | Killed Menkaure
  5162 | D:4      | Found a sparkling altar of Nemelex Xobeh.
  5258 | D:4      | Noticed Eustachio
  5259 | D:4      | Noticed Pikel
  5275 | D:4      | Killed Pikel
  5275 | D:4      | Reached ** piety under Okawaru
  5276 | D:4      | Reached skill level 9 in Axes
  5276 | D:4      | Gained mutation: A demonic guardian rushes to your aid.
                  | [demonic ancestry]
  5276 | D:4      | Reached XP level 8. HP: 20/58 MP: 5/8
  5300 | D:4      | Killed Eustachio
  5300 | D:4      | Reached *** piety under Okawaru
  5978 | D:5      | Entered Level 5 of the Dungeon
  5978 | D:5      | Found a bloodstained altar of Trog.
  6006 | D:4      | Reached skill level 10 in Axes
  6592 | D:5      | Found a stormy altar of Qazlal.
  6687 | D:5      | Reached skill level 1 in Dodging
  6764 | D:5      | Noticed Sigmund
  6792 | D:5      | Killed Sigmund
  6793 | D:5      | Gained mutation: You have a pair of antennae on your head.
                  | [demonic ancestry]
  6793 | D:5      | Reached XP level 9. HP: 64/64 MP: 9/9
  7533 | D:6      | Found a staircase to the Ecumenical Temple.
  7539 | D:6      | Identified the +5 flail of the Coward {holy, Fly rC+}
  7604 | D:6      | Reached **** piety under Okawaru
  7643 | Temple   | Entered the Ecumenical Temple
  7983 | D:6      | Noticed Prince Ribbit
  8009 | D:6      | Killed Prince Ribbit
  8010 | D:6      | Reached skill level 11 in Axes
  8791 | D:7      | Reached skill level 5 in Fighting
  8857 | D:7      | Reached ***** piety under Okawaru
  8858 | D:7      | Reached XP level 10. HP: 55/74 MP: 10/10
  9294 | D:7      | Found a basalt altar of Yredelemnul.
  9650 | D:8      | Noticed a boulder beetle
  9964 | D:8      | Killed a boulder beetle
  9965 | D:8      | Reached skill level 5 in Armour
  9965 | D:8      | Reached skill level 5 in Shields
 10109 | D:8      | Found a hazy altar of Hepliaklqana.
 10453 | D:8      | Identified the +6 plate armour of the Catfish {Harm rF-
                  | Will+++ Int+2} (Okawaru gifted it to you on level 8 of the
                  | Dungeon)
 10453 | D:8      | Received a gift from Okawaru
 10455 | D:8      | Found a runed translucent door.
 10455 | D:8      | Noticed pkoi's ghost (novice MiFi)
 10640 | D:8      | Found a sacrificial altar of Ru.
 11093 | D:8      | Killed pkoi's ghost
 11245 | D:9      | Found a radiant altar of Vehumet.
 11247 | D:9      | Reached skill level 5 in Dodging
 11576 | D:9      | Gained mutation: You have hidden genetic potential. [potion
                  | of mutation]
 11576 | D:9      | Gained mutation: You are agile. (Dex +2) [potion of
                  | mutation]
 11628 | D:9      | Found Viwum's General Store.
 11820 | D:10     | Entered Level 10 of the Dungeon
 11867 | D:10     | Found a staircase to the Lair.
 11867 | D:10     | Noticed a two-headed ogre
 11885 | D:10     | Killed a two-headed ogre
 11886 | D:10     | Gained mutation: A powerful demonic guardian rushes to your
                  | aid. [demonic ancestry]
 11886 | D:10     | Reached XP level 11. HP: 29/84 MP: 8/11
 12096 | D:10     | Identified the +4 spear of Grandeur {pain, rC+ Int+2}
 12276 | D:10     | Noticed a two-headed ogre
 12294 | D:10     | Killed a two-headed ogre
 13050 | D:9      | Bought a wand of flame (4) for 36 gold pieces
 13217 | D:10     | Noticed a red ugly thing
 13231 | D:10     | Killed a red ugly thing
 13501 | D:10     | Identified the +2 buckler "Deenamue" {-Tele rCorr Str-5
                  | SInv} (Okawaru gifted it to you on level 10 of the Dungeon)
 13501 | D:10     | Received a gift from Okawaru
 13546 | D:10     | Noticed a rakshasa
 13564 | D:10     | Gained mutation: Your mind is acute. (Int +2) [hidden
                  | potential]
 13569 | D:10     | Killed a rakshasa
 14087 | D:10     | Found an opulent altar of Gozag.
 14394 | D:11     | Noticed Erica
 14401 | D:11     | Killed Erica
 14453 | D:11     | Found a runed translucent gate.
 14453 | D:11     | Found a runed translucent gate.
 14453 | D:11     | Found a runed translucent gate.
 14466 | D:11     | Identified 2 scrolls of acquirement
 14466 | D:11     | Acquired the +3 kite shield of Bitterness {Str+8}
 14834 | D:11     | Found a staircase to the Orcish Mines.
 14834 | D:11     | Noticed Harold
 14875 | D:11     | Killed Harold
 14875 | D:11     | Received a gift from Okawaru
 14876 | D:11     | Reached XP level 12. HP: 58/94 MP: 9/12
 15282 | D:11     | Found Ymoisuo's Jewellery Emporium.
 15285 | D:11     | Bought a +4 ring of evasion for 432 gold pieces
 15400 | D:11     | Noticed Minsecho's ghost (journeyman HOFi)
 15453 | D:12     | Found a frozen archway.
 15471 | D:12     | Acquired the amulet "Qeruelir" {Reflect rPois SH+5}
 15480 | IceCv    | Entered an ice cave
 15536 | IceCv    | Slain by a dire elephant simulacrum

Illustrated notes

Levels and vault maps discovered:
D:1:      minmay_arrival_semitransparent, layout_basic
D:2:      layout_basic, basic_ecumenical_altar
D:3:      layout_loops_cross, mainiacjoe_overflow_divided_tiny,
          nicolae_figureground_sparkle
D:4:      layout_layer_cave, nemelex_dance_club_becter, portal_sewer_entry_a,
          nicolae_elevator_lobby_asterisk, uniq_pikel, uniq_crazy_yiuf_cottage,
          uniq_duvessa, uniq_menkaure, uniq_eustachio
D:5:      kennysheep_six_static_rooms, layout_cave_pools, trog_ov_bears_minmay,
          nicolae_qazlal_scattered_showers, serial_gnoll_camp,
          gnoll_camp_mini_hut, gnoll_camp_mini_loothouse, gnoll_camp_mini_house,
          chequers_serial_rivers_marsh, minmay_misc_feat_doors, minivault_5,
          hangedman_decor_diamond_cutter, minivault_4,
          minmay_misc_feat_ornament, uniq_sigmund
D:6:      layout_basic, minmay_temple_entry_drinking_statues,
          hangedman_abyss_or_decor_stabs, uniq_prince_ribbit1
D:7:      layout_basic, yredelemnul_altar_generic
D:8:      layout_loops_corners, overflow_temple_1_default,
          mainiacjoe_overflow_small_starburst, gammafunk_ghost_grave,
          palyth_stone_intersect, feat_on_display
D:9:      layout_basic, vehumet_altar_wand_db, serial_shops, shop
D:10:     layout_roguey, pdpol_temple_overflow_zin_treasury_gozag_greed,
          erik_lair_island, chequers_serial_rivers_room_a,
          minmay_fractal_squares_gapless_7
D:11:     layout_rooms, zombieorc2_lemuel, gammafunk_ghost_necromancy,
          serial_shops, kennysheep_mini_moat, hangedman_abyss_or_decor_slice,
          uniq_erica, uniq_harold
D:12:     layout_roguey, portal_ice_cave_entry_imps, enter_trove_6,
          minmay_shattered_shrine
Temple:   jpeg_temple_clearing
IceCv:    ice_cave_caverns_03

Skill      XL: |  1  2  3  4  5  6  7  8  9 10 11 |
---------------+----------------------------------+-----
Axes           | 2 3 4 5 7 9 10 11 | 11.2
Dodging        | 1 3 5 7 |  7.3
Shields        | 3 4 6 7 |  7.9
Armour         | 3 4 6 7 |  7.8
Fighting       | 5 7 8 |  8.6

Action                   |  1- 3 |  4- 6 |  7- 9 | 10-12 || total
-------------------------+-------+-------+-------+-------++-------
Melee: War axe           |   109 |   153 |   284 |   340 ||   886
       Unarmed           |       |       |     2 |       ||     2
       Spear             |       |       |       |    24 ||    24
Invok: Heroism           |       |       |     4 |     4 ||     8
  Use: Scroll            |     4 |     3 |     9 |     5 ||    21
       Potion            |       |       |     3 |     4 ||     7
 Stab: Distracted        |       |       |     1 |     2 ||     3
       Held in net/web   |       |       |       |     2 ||     2
Armor: Scale mail        |    54 |    94 |   191 |    11 ||   350
       Plate armour      |       |       |       |   193 ||   193
Dodge: Dodged            |    46 |    86 |   165 |   104 ||   401
Block: Buckler           |    24 |    49 |    74 |    48 ||   195
       Kite shield       |       |       |       |    69 ||    69
